 Dungeon Crawl Stone Soup version 0.27.1-3-gb3d3a73c9e (webtiles) character file.

Game seed: 9689839588469542202

1103 Borgoz the Skirmisher (level 8, -1/51 HPs)
             Began as a Gargoyle Berserker on Oct 6, 2021.
             Was a Priest of Trog.
             Engulfed by a steam dragon's steam (13 damage)
             ... on level 6 of the Dungeon on Oct 9, 2021.
             The game lasted 00:07:02 (5626 turns).

Borgoz the Skirmisher (Gargoyle Berserker)          Turns: 5626, Time: 00:07:02

Health: -1/51      AC: 14    Str: 22    XL:     8   Next: 32%
Magic:  8/8        EV: 12    Int:  7    God:    Trog [***...]
Gold:   385        SH:  0    Dex: 11    Spells: 7/7 levels left

rFire    . . .     SeeInvis .   o - +4 flail (vorpal)
rCold    . . .     Faith    .   (no shield)
rNeg     + . .     Spirit   .   a - +0 ring mail
rPois    ∞         Reflect  .   (no helmet)
rElec    +         Harm     .   n - +1 cloak
rCorr    .         Rampage  .   (no gloves)
Will     ++...                  (no boots)
Stlth    +.........             (no amulet)
HPRegen  1.17/turn              (no ring)
MPRegen  0.11/turn              (no ring)

@: strong-willed, on berserk cooldown, regenerating, slowed, very slow
A: sickness immunity, AC +5, negative energy resistance 1, electricity
resistance, torment resistance 1, petrification resistance
a: Renounce Religion, Berserk, Trog's Hand


You were on level 6 of the Dungeon.
You worshipped Trog.
Trog was most pleased with you.
You visited 1 branch of the dungeon, and saw 7 of its levels.

You collected 385 gold pieces.

Inventory:

Hand Weapons
 o - a +4 vorpal flail (weapon)
Armour
 a - a +0 ring mail (worn)
 n - a +1 cloak (worn)
Wands
 g - a wand of flame (17)
Scrolls
 h - 3 scrolls of teleportation
 r - a scroll of magic mapping
Potions
 b - a potion of flight {unknown}
 c - 2 potions of degeneration {unknown}
 d - 2 potions of curing
 e - 2 potions of attraction
 i - 2 potions of resistance {unknown}
 k - 3 potions of magic {unknown}
 p - a potion of invisibility {unknown}


   Skills:
 + Level 6.1 Fighting
 + Level 5.6 Maces & Flails
 + Level 5.5 Armour
 + Level 4.2 Dodging


You had 7 spell levels left.
You didn't know any spells.
Your spell library was empty.

Dungeon Overview and Level Annotations

Branches:
Dungeon (7/15)             Temple (0/1) D:4

Altars:


Innate Abilities, Weirdness & Mutations

You are immune to sickness and miasma.
Your stone body is resilient. (AC +5)
You are immune to poison.
You resist negative energy. (rN+)
You are resistant to electric shocks. (rElec)
You are resistant to unholy torment.
You are immune to petrification.


Message History

Trog accepts your kill.
You feel a strong urge to attack something.
A steam dragon comes into view.
You feel your anger nearly subside.
You are no longer berserk.
You are exhausted.
You feel yourself slow down.
The steam dragon hisses angrily.
Found a potion of attraction.
The steam dragon breathes steam at you. The ball of steam misses you.
You hear a shout! x4
A bullfrog comes into view.
A kobold comes into view. It is wielding a +0 dagger.
A kobold comes into view.
It is wielding a +0 short sword and quivering poisoned darts.
There is a stone staircase leading up here.
Your library has no spells.
You are engulfed in a cloud of scalding steam.
The kobold shouts! x2
The kobold throws a poisoned dart.
The poisoned dart closely misses you. The steam dragon bites you.
* * * LOW HITPOINT WARNING * * *
The steam dragon claws you but does no damage.
The kobold throws a stone.
The stone misses you. The steam dragon breathes steam at you.
The ball of steam hits you.
* * * LOW HITPOINT WARNING * * *
You hear a shout! x2
You climb upwards.
There is a stone staircase leading down here.
Your skin crawls.
You feel strong-willed.
The steam dragon bites you but does no damage.
The steam dragon claws you but does no damage.
The steam dragon bites you but does no damage.
The steam dragon claws you but does no damage.
The steam dragon breathes steam at you. The ball of steam hits you!
* * * LOW HITPOINT WARNING * * *
You are engulfed in a cloud of scalding steam.
You die...

.##.# ##.# #.##..###### ....##
#..# #..(..# ...<.# #.## ####.##
.....# #.# ##'## .....# #.#
##...## .....# #.#### ##.....##
### .[...# #.##.######..>....##
##.#
.....###.......##.........####...
..............§§@§D.......+......
.....#.#.....#.##.........####...
#.####<#..#.##.###.......## ##..
#.# #[#.....#.# ##.....## #.#
#.####.##.#..#.# ##...## #.#
.....#.##.#..#.# ##'## #.#
#.##.#.##......### #.# #.#
...#.#.......(...# #.# #.#
.#.#.####.##.###.# ##.## #.#


You could see a steam dragon (catching breath).

Vanquished Creatures
  A water moccasin (D:6)
  An ice beast (D:5)
  2 ogres
  Blork the orc (D:6)
  A wyvern zombie (D:7)
  A water moccasin skeleton (D:5)
  A bullfrog zombie (D:5)
  2 hounds
  A jelly (D:3)
  4 iguanas
  Terence (D:2)
  Jessica (D:2)
  Natasha (thrice) (D:2)
  A hound skeleton (D:4)
  7 gnolls (D:5)
  5 adders
  2 ufetubi
  4 worms
  2 dart slugs
  13 orcs
  A bat (D:2)
  4 endoplasms
  12 giant cockroaches
  A goblin (D:1)
  2 hobgoblins
  4 jackals
  2 quokkas (D:2)
  6 ball pythons
  4 frilled lizards
  5 kobolds
  6 rats
101 creatures vanquished.

Notes
Turn   | Place    | Note
-------+----------+-------------------------------------------
     0 | D:1      | Borgoz the Gargoyle Berserker began the quest for the Orb.
     0 | D:1      | Reached XP level 1. HP: 14/14 MP: 1/1
   254 | D:1      | Reached XP level 2. HP: 19/19 MP: 2/2
   407 | D:1      | Found a faded altar of an unknown god.
   731 | D:2      | Noticed Jessica
   753 | D:2      | Killed Jessica
   754 | D:2      | Reached XP level 3. HP: 24/24 MP: 3/3
   777 | D:2      | Noticed Terence
   798 | D:2      | Killed Terence
   799 | D:2      | Reached XP level 4. HP: 17/29 MP: 4/4
   929 | D:2      | Reached skill level 4 in Fighting
   934 | D:2      | Noticed Natasha
   945 | D:2      | Killed Natasha
  1105 | D:2      | Reached ** piety under Trog
  1106 | D:2      | Reached XP level 5. HP: 31/33 MP: 5/5
  1369 | D:2      | Noticed Natasha
  1382 | D:2      | Killed Natasha
  1389 | D:2      | Noticed Natasha
  1401 | D:2      | Killed Natasha
  2198 | D:3      | Reached XP level 6. HP: 39/39 MP: 6/6
  2677 | D:4      | Found a staircase to the Ecumenical Temple.
  3088 | D:4      | Reached skill level 5 in Fighting
  3213 | D:5      | Entered Level 5 of the Dungeon
  3234 | D:5      | Reached XP level 7. HP: 36/44 MP: 7/7
  3321 | D:5      | Reached *** piety under Trog
  3920 | D:5      | Reached skill level 5 in Maces & Flails
  4090 | D:5      | Reached skill level 5 in Armour
  4677 | D:6      | Reached XP level 8. HP: 46/51 MP: 8/8
  4903 | D:6      | Noticed Blork the orc
  4915 | D:6      | Killed Blork the orc
  4916 | D:6      | Reached skill level 6 in Fighting
  5626 | D:6      | Engulfed by a steam dragon's steam

Illustrated notes

Levels and vault maps discovered:
D:1:      dpeg_arrival_ternary, layout_loops_ring, ebering_ecumenical_altar_webs
D:2:      minmay_roachtagon, layout_basic, minmay_misc_feat_nine_boxes,
          uniq_jessica, uniq_terence, uniq_natasha
D:3:      layout_loops_ring
D:4:      layout_basic, minmay_temple_entry_stoned_glass, kennysheep_nub,
          dk_vineyard_3, glass_columns_a
D:5:      layout_loops_ring
D:6:      layout_loops_corners, hangedman_abyss_or_decor_stagger,
          uniq_blork_the_orc
D:7:      layout_cave_pools, serial_shops, shop

Skill      XL: |  1  2  3  4  5  6  7  8 |
---------------+-------------------------+-----
Dodging        | 2 3 4 |  4.2
Armour         | 3 4 5 |  5.5
Fighting       | 4 5 6 |  6.1
Maces & Flails | 4 5 |  5.6

Action                   |  1- 3 |  4- 6 |  7- 9 || total
-------------------------+-------+-------+-------++-------
Melee: Whip              |    67 |   274 |    27 ||   368
       Mace              |     3 |       |       ||     3
       Flail             |       |       |   111 ||   111
Throw: Throwing net      |       |       |     1 ||     1
Invok: Berserk           |       |     3 |     4 ||     7
       Trog's Hand       |       |     1 |     2 ||     3
  Use: Scroll            |       |       |     9 ||     9
       Potion            |       |       |     2 ||     2
 Stab: Distracted        |       |     1 |       ||     1
       Sleeping          |       |     1 |       ||     1
Armor: Animal skin       |    18 |   100 |     5 ||   123
       Ring mail         |       |       |    45 ||    45
Dodge: Dodged            |    42 |   155 |    86 ||   283
